Map: Emerald City LE

Players

qqq

  • Race: Zerg Zerg

Massa

  • Race: Terran Terran

Mücke - Winner!

  • Race: Protoss Protoss

Znation - Winner!

  • Race: Zerg Zerg

VOD

Have the link to the VOD?

Description

Time

  • Played on: April 7, 2021, 1:27 p.m.
  • Length: 9:09
Show
View Real Time Build Order
Export as new Build Order

qqq Zerg 

Build Orders: Hatch First 

Get SALT Encoding   

  12  0:01  Drone  
  13  0:08  Drone  
  14  0:18  Overlord  
  14  0:48  Hatchery  
  13  0:53  Drone x2  
  13  0:55  Drone  
  16  1:05  Drone  
  17  1:17  Extractor, Drone  
  17  1:26  Drone  
  18  1:39  Drone  
  19  1:42  Spawning Pool  
  18  2:01  Drone  
  18  2:03  Hatchery, Drone  
  19  2:08  Drone  
  19  2:10  Drone  
  19  2:15  Drone  
  22  2:33  Queen  
  24  2:38  Zergling x2  
  24  2:39  Zergling x2, Overlord  
  24  2:43  Metabolic Boost  
  26  2:48  Evolution Chamber  
  25  2:51  Drone  
  25  2:54  Zergling x2  
  28  2:58  Zergling x2  
  28  3:00  Zergling x2  
  29  3:10  Queen  
  31  3:15  Zerg Melee Weapons Level 1  
  31  3:17  Drone  
  32  3:20  Drone  
  32  3:23  Drone  
  34  3:30  Drone x2  
  36  3:34  Drone x2  
  36  3:39  Drone  
  39  3:46  Drone x2  
  39  3:47  Overlord  
  41  3:49  Zergling x2  
  42  3:58  Overlord  
  42  3:59  Overlord  
  42  4:04  Lair  
  42  4:14  Zergling x6  
  42  4:15  Zergling x6  
  47  4:32  Zergling x6  
  47  4:33  Zergling x14  
  55  4:43  Spore Crawler  
  55  4:44  Spore Crawler  
  52  4:48  Spore Crawler  
  52  4:49  Drone x2, Zergling x4  
  53  4:56  Zergling x4  
  55  5:04  Zergling x6  
  55  5:06  Overseer  
  57  5:15  Zergling x2  
  56  5:25  Zergling x10  
  57  5:36  Spine Crawler  
  57  5:37  Overlord  
  57  5:38  Overlord x3  
  56  5:48  Overlord  
  56  5:49  Zergling x2  
  57  5:51  Overlord  
  57  5:55  Queen  
  57  5:56  Spine Crawler  
  58  6:00  Zerg Ground Armor Level 1  
  58  6:02  Drone x3  
  62  6:04  Drone  
  62  6:05  Drone  
  63  6:23  Zergling x4  
  63  6:24  Zergling x10  
  61  6:46  Infestation Pit  
  55  6:52  Extractor  
  54  6:54  Drone  
  54  6:55  Drone x2  
  51  7:09  Zergling x6  
  51  7:10  Drone x3, Zergling x8  
  51  7:11  Drone x2  
  51  7:12  Queen  
  65  7:19  Zergling x4  
  52  7:35  Zergling x2  
  52  7:36  Zergling x16  
  61  7:42  Zergling x2  
  58  7:47  Zergling x4  
  55  7:54  Zergling x2  
  55  7:55  Zergling x8  
  55  7:58  Zergling x2  
  41  8:17  Hatchery  
  38  8:29  Spawning Pool  
  38  8:30  Swarm Host  
  39  8:34  Hatchery  
Show
View Real Time Build Order
Export as new Build Order

Massa Terran 

Build Orders:  

Get SALT Encoding   

  12  0:00  SCV  
  13  0:12  SCV  
  14  0:23  Supply Depot  
  14  0:24  SCV  
  15  0:29  Refinery  
  15  0:45  SCV  
  15  0:46  Barracks  
  16  0:57  SCV  
  17  1:07  Supply Depot  
  17  1:09  SCV  
  18  1:21  SCV  
  19  1:53  Command Center  
  19  2:04  Orbital Command  
  19  2:06  Barracks Reactor  
  19  2:13  Factory  
  19  2:29  SCV  
  20  2:42  Marine x2  
  22  3:00  Hellion, Marine x2, Command Center  
  22  3:04  SCV  
  27  3:11  Orbital Command  
  27  3:18  Marine x2  
  29  3:25  SCV  
  32  3:27  Hellion  
  32  3:37  Starport, SCV x2  
  34  3:55  Factory Tech Lab  
  34  3:59  SCV x2  
  36  4:04  Engineering Bay  
  36  4:09  Refinery, Supply Depot  
  36  4:10  Supply Depot  
  36  4:11  SCV x2  
  32  4:47  Starport Tech Lab  
  32  4:48  SCV x3  
  32  4:52  Missile Turret  
  35  4:55  Terran Infantry Weapons Level 1  
  35  4:58  Marine, Siege Tank  
  35  4:59  Marine  
  37  5:12  Refinery x2  
  37  5:14  Orbital Command  
  37  5:16  Marine x2  
  39  5:34  Marine x2  
  41  5:47  SCV x3  
  44  5:54  Raven  
  46  5:59  SCV x2  
  48  6:19  SCV x3  
  51  6:28  Refinery  
  51  6:31  SCV x2  
  53  6:35  Barracks  
  53  6:36  Barracks  
  53  6:37  Viking  
  51  6:53  Marine x2  
  47  6:55  Siege Tank  
  47  7:11  Marine x2  
  48  7:21  Medivac  
  50  7:24  Barracks Reactor, Barracks Tech Lab  
  50  7:29  Marine x2  
  51  7:47  Marine x2  
  51  8:10  Marine x2  
  51  8:11  Marine x3  
  53  8:28  Marine x4  
  53  8:29  Marine  
  58  8:46  Marine x3  
  64  8:51  Supply Depot x2  
  64  8:53  Supply Depot x2  
  64  8:55  Supply Depot  
Show
View Real Time Build Order
Export as new Build Order

Mücke Protoss - Winner!

Build Orders: Zealot Archon, Archon Drop, Dark Templar Rush 

Get SALT Encoding   

  12  0:00  Probe (Chrono Boost)  
  13  0:09  Probe (Chrono Boost)  
  14  0:18  Pylon  
  14  0:22  Probe  
  15  0:36  Probe  
  15  0:41  Gateway  
  16  0:48  Probe  
  17  0:50  Assimilator  
  17  1:00  Probe (Chrono Boost)  
  19  1:11  Probe (Chrono Boost)  
  19  1:16  Probe (Chrono Boost)  
  20  1:26  Probe  
  20  1:32  Cybernetics Core  
  21  1:38  Probe, Assimilator  
  22  1:50  Probe  
  22  1:52  Nexus  
  23  2:05  Pylon  
  23  2:12  Twilight Council  
  23  2:20  Adept (Chrono Boost)  
  23  2:21  Warp Gate  
  23  2:23  Probe  
  26  2:35  Probe  
  27  2:40  Gateway  
  27  2:43  Adept  
  29  2:48  Pylon  
  29  2:57  Charge  
  29  3:05  Probe (Chrono Boost)  
  29  3:14  Probe (Chrono Boost), Dark Shrine  
  29  3:18  Probe (Chrono Boost)  
  29  3:19  Probe (Chrono Boost)  
  32  3:31  Probe, Robotics Facility  
  32  3:32  Probe  
  34  3:36  Assimilator  
  34  3:43  Probe (Chrono Boost)  
  34  3:47  Gateway  
  36  3:51  Probe (Chrono Boost)  
  36  3:55  Probe (Chrono Boost)  
  38  4:03  Probe (Chrono Boost)  
  38  4:04  Probe (Chrono Boost)  
  38  4:06  Gateway  
  38  4:09  Probe  
  39  4:12  Probe, Pylon  
  41  4:28  Dark Templar  
  41  4:29  Dark Templar  
  36  4:49  Warp Prism  
  36  4:55  Gateway  
  36  5:03  Probe x2 (Chrono Boost)  
  36  5:04  Gateway  
  38  5:13  Probe x2 (Chrono Boost)  
  40  5:19  Probe, Pylon  
  41  5:34  Forge  
  41  5:37  Probe x2, Assimilator  
  43  5:43  Observer  
  43  5:49  Probe, Dark Templar  
  47  5:50  Dark Templar x2  
  47  5:53  Archon x2  
  47  5:55  Dark Templar  
  53  5:57  Zealot  
  53  6:01  Probe  
  53  6:04  Zealot  
  58  6:15  Robotics Bay  
  58  6:22  Zealot x2  
  42  6:35  Dark Templar  
  44  6:46  Zealot x3  
  46  6:58  Zealot  
  42  7:01  Probe  
  42  7:02  Probe  
  30  7:11  Dark Templar  
  34  7:15  Probe (Chrono Boost)  
  34  7:21  Probe (Chrono Boost)  
  34  7:22  Zealot  
  36  7:27  Probe (Chrono Boost)  
  36  7:29  Probe (Chrono Boost)  
  38  7:35  Probe  
  39  7:42  Probe  
  39  7:43  Dark Templar  
  42  7:47  Probe  
  43  7:53  Dark Templar  
  43  7:57  Zealot  
  47  8:02  Zealot  
  47  8:04  Zealot  
  43  8:23  Dark Templar  
  43  8:24  Dark Templar  
  47  8:28  Zealot  
  47  8:29  Zealot  
  47  8:32  Dark Templar  
  43  8:49  Probe (Chrono Boost)  
  43  8:54  Probe (Chrono Boost)  
  43  8:55  Stalker  
  47  8:56  Zealot x3  
  50  9:06  Zealot  
Show
View Real Time Build Order
Export as new Build Order

Znation Zerg - Winner!

Build Orders: Hatch First, Roach Nydus 

Get SALT Encoding   

  12  0:01  Drone  
  13  0:08  Drone  
  14  0:17  Overlord  
  14  0:35  Drone x3  
  17  0:46  Drone  
  18  0:56  Hatchery  
  17  0:58  Drone  
  17  1:02  Extractor  
  17  1:14  Spawning Pool  
  17  1:17  Drone  
  17  1:20  Drone  
  18  1:37  Drone  
  19  1:42  Drone  
  20  1:51  Drone  
  21  2:05  Drone  
  21  2:07  Queen  
  24  2:14  Lair  
  24  2:16  Extractor  
  24  2:19  Drone x3  
  26  2:28  Drone  
  27  2:43  Drone  
  28  2:49  Roach Warren  
  28  2:50  Drone, Overlord  
  28  2:51  Overlord  
  28  2:57  Extractor  
  28  2:58  Extractor, Queen  
  29  3:16  Drone x5  
  29  3:18  Drone  
  35  3:24  Overlord  
  35  3:29  Glial Reconstitution  
  35  3:30  Nydus Network  
  35  3:33  Roach  
  36  3:40  Queen  
  38  3:44  Roach  
  40  3:48  Roach  
  40  3:51  Roach  
  40  3:54  Roach  
  46  3:58  Roach  
  46  4:00  Roach  
  50  4:05  Overlord  
  50  4:12  Roach  
  50  4:15  Overlord  
  50  4:36  Nydus Canal  
  50  4:49  Roach  
  50  4:50  Roach x6  
  50  5:22  Roach x2  
  50  5:23  Roach x4  
  54  5:39  Nydus Canal  
  54  5:47  Roach  
  54  5:48  Roach x3  
  62  5:53  Queen  
  62  5:54  Queen  
  68  6:18  Roach  
  68  6:48  Nydus Canal  
  68  6:59  Spine Crawler  
  67  7:02  Spine Crawler  
  66  7:09  Nydus Canal  
  68  7:15  Roach  
  68  7:42  Roach  
  68  7:46  Overlord x3  
  64  8:16  Roach x7  
  78  8:20  Hydralisk Den  
Tags
 
Add a new tag
Caveats
  • Supply blocks, unpowered buildings, or Contaminate may cause inaccurate times.
  • Supply counts are checked every 10 seconds.